 Dungeon Crawl Stone Soup version 0.29.0-4-gdea44cf6ec (webtiles) character file.

Game seed: 15979672581575467653

1131 qw the Chopper (level 8, 0/49 HPs)
             Began as a Gargoyle Fighter on Sept 3, 2022.
             Was an Initiate of Okawaru.
             Slain by an iguana (1 damage)
             ... on level 5 of the Dungeon.
             The game lasted 00:02:33 (5514 turns).

qw the Chopper (Gargoyle Fighter)                   Turns: 5514, Time: 00:02:33

Health: 0/49       AC: 17    Str: 21    XL:     8   Next: 36%
Magic:  8/8        EV:  7    Int: 10    God:    Okawaru [......]
Gold:   270        SH:  4    Dex:  9    Spells: 7/7 levels left

rFire   + . .      SeeInvis .   Y - +2 war axe
rCold   . . .      Faith    .   c - +0 buckler
rNeg    + . .      Spirit   .   a - +0 chain mail
rPois   inf        Reflect  .   e - +0 helmet
rElec   +          Harm     .   (no cloak)
rCorr   .          Rampage  .   (no gloves)
Will    .....                   m - +0 pair of boots
Stlth   ..........              (no amulet)
HPRegen 0.16/turn               i - ring of protection from fire
MPRegen 0.11/turn               (no ring)

@: no status effects
A: sickness immunity, AC +5, negative energy resistance 1, electricity
resistance, torment resistance 1, petrification resistance
a: Renounce Religion


You were on level 5 of the Dungeon.
You worshipped Okawaru.
Okawaru was noncommittal.
You visited 2 branches of the dungeon, and saw 6 of its levels.

You collected 270 gold pieces.


Innate Abilities, Weirdness & Mutations

You are immune to sickness and miasma.
Your stone body is resilient. (AC +5)
You are immune to poison.
You resist negative energy. (rN+)
You are resistant to electric shocks. (rElec)
You are resistant to unholy torment.
You are immune to petrification.


   Skills:
 - Level 5.0 Fighting
 + Level 7.0 Axes
 - Level 3.6 Throwing
 - Level 4.1 Armour
 - Level 1.0 Dodging
 - Level 3.2 Shields


You had 7 spell levels left.
You didn't know any spells.
Your spell library was empty.

Inventory:

Hand Weapons
 b - a +0 whip
 Y - a +2 war axe (weapon)
Missiles
 f - 5 javelins
 h - 2 boomerangs
 p - a silver javelin (quivered)
Armour
 a - a +0 chain mail (worn)
 c - a +0 buckler (worn)
 e - a +0 helmet (worn)
 m - a +0 pair of boots (worn)
Jewellery
 i - a ring of protection from fire (left hand)
Scrolls
 g - a scroll of fog {unknown}
 o - 2 scrolls of identify
Potions
 d - 5 potions of might
 j - a potion of lignification {unknown}
 l - a potion of curing
 n - a potion of heal wounds {unknown}

Dungeon Overview and Level Annotations

Branches:
Dungeon (5/15)             Temple (1/1) D:5

Altars:
Cheibriados
Dithmenos
Fedhas
Gozag
Makhleb
Nemelex Xobeh
Okawaru
Qazlal
Ru
Sif Muna
Trog
Uskayaw
Vehumet
Wu Jian
Xom
Yredelemnul

Annotations:
D:4 2 transporters, qw's ghost, novice FoCA


Message History

The howler monkey hoots and howls with incredible vigour!
You hit the ogre.
The ogre is almost dead.
The ogre barely misses you.
You barely miss the ogre.
The ogre is almost dead.
The ogre hits you but does no damage.
You closely miss the ogre.
The ogre is almost dead.
The ogre hits you with a +0 giant spiked club!
You slash the ogre!
You kill the ogre!
Okawaru accepts your kill.
The howler monkey hoots and howls with incredible vigour!
You hear a bark!
Your Armour skill increases to level 4!
You closely miss the iguana.
The iguana bites you but does no damage.
A hound comes into view.
You barely miss the iguana.
The iguana bites you but does no damage.
The iguana bites you!
You closely miss the iguana.
The iguana bites you but does no damage.
You hit the iguana.
The iguana is lightly wounded.
The iguana barely misses you.
You barely miss the iguana.
The iguana is lightly wounded.
The iguana bites you but does no damage.
You slash the iguana!
The iguana is heavily wounded.
The iguana closely misses you.
You barely miss the iguana.
The iguana is heavily wounded.
The iguana bites you.
You hit the iguana.
The iguana is almost dead.
The iguana bites you.
You die...

.## ##...# ##. ..#
#....# # ..#####....##
#+# #.##.......##. #..
#.#.##.....# .# #..
........#### h# ..
#.#.#.....# W#.
..##...##.###+##l##+##
######.##.##....@)...#
# #.....#.8..8..8.# #
####.##.........# ###
##.######'##### ..#
#...# ##..# ..#
####.####..## ..#
#.........## ..#
#.##.##.### ..# #
##.##.#


You could see a phantom, an iguana and a hound.

Vanquished Creatures
  Sigmund (D:2)
  2 black bears (D:5)
  3 ogres
  A kobold brigand (D:3)
  A necrophage (D:5)
  A scorpion (D:4)
  2 hounds
  A jelly (D:5)
  2 orc priests (D:5)
  Jessica (D:3)
  Terence (D:1)
  Robin (D:1)
  5 adders
  A shadow imp (D:4)
  A white imp (D:5)
  2 worms (D:2)
  6 orcs
  3 endoplasms
  2 giant cockroaches
  4 hobgoblins
  2 jackals
  6 kobolds
  A quokka (D:1)
  8 ball pythons
  5 bats
  3 frilled lizards
  15 goblins
  5 rats
86 creatures vanquished.

Vanquished Creatures (others)
  31 plants (D:4)
31 creatures vanquished.

Grand Total: 117 creatures vanquished

Notes
Turn   | Place    | Note
-------+----------+-------------------------------------------
     0 | D:1      | qw the Gargoyle Fighter began the quest for the Orb.
     0 | D:1      | Reached XP level 1. HP: 14/14 MP: 1/1
     0 | D:1      | 0 ||| qw: Version: 0.1-a-102-g441f92d
     0 | D:1      | 0 ||| qw: Game counter: 5266
     0 | D:1      | 0 ||| qw: Always use a shield: true
     0 | D:1      | 0 ||| qw: God list: Okawaru
     0 | D:1      | 0 ||| qw: Allow faded altars: false
     0 | D:1      | 0 ||| qw: Do Orc after D:15 true
     0 | D:1      | 0 ||| qw: Do second Lair branch before Depths: true
     0 | D:1      | 0 ||| qw: Lair rune preference: random
     0 | D:1      | 0 ||| qw: Plans: Normal
     0 | D:1      | 0 ||| PLANNING D:1-11
   110 | D:1      | Reached skill level 2 in Axes
   347 | D:1      | Reached XP level 2. HP: 19/19 MP: 2/2
  1013 | D:1      | 1013 ||| UPGRADING to ring of protection from fire.
  1014 | D:1      | 1014 ||| READING scroll labelled TIMPAPTEKK.
  1015 | D:1      | 1015 ||| READING scroll labelled GEBBITH TUIPRU.
  1016 | D:1      | 1016 ||| DRINKING 2 fizzy yellow potions.
  1017 | D:1      | 1017 ||| DROPPING potion of degeneration.
  1061 | D:2      | 1061 ||| STAIRDANCE
  1075 | D:2      | Noticed Terence
  1076 | D:2      | 1076 ||| STAIRDANCE
  1081 | D:2      | 1081 ||| STAIRDANCE
  1087 | D:1      | Reached skill level 3 in Axes
  1189 | D:2      | 1189 ||| STAIRDANCE
  1189 | D:2      | Noticed Robin
  1196 | D:1      | Reached XP level 3. HP: 22/23 MP: 3/3
  1199 | D:1      | Killed Terence
  1230 | D:1      | 1230 ||| UPGRADING to +0 chain mail.
  1240 | D:1      | 1240 ||| DROPPING +0 scale mail.
  1244 | D:2      | 1244 ||| STAIRDANCE
  1269 | D:2      | 1269 ||| STAIRDANCE
  1295 | D:2      | 1295 ||| STAIRDANCE
  1303 | D:1      | Killed Robin
  1304 | D:1      | Reached XP level 4. HP: 21/28 MP: 4/4
  1374 | D:1      | 1374 ||| DROPPING +0 club.
  1375 | D:1      | 1375 ||| UPGRADING to +0 helmet.
  1383 | D:2      | 1383 ||| STAIRDANCE
  1388 | D:1      | Reached skill level 4 in Axes
  1411 | D:2      | 1411 ||| Stepping ~*~*~tactically~*~*~ (hiding).
  1499 | D:2      | Noticed Sigmund
  1500 | D:2      | 1500 ||| Stepping ~*~*~tactically~*~*~ (hiding).
  1528 | D:2      | HP: 2/28 [something (7)]
  1534 | D:2      | Killed Sigmund
  1535 | D:2      | Reached skill level 3 in Throwing
  1535 | D:2      | Reached XP level 5. HP: 2/32 MP: 5/5
  1535 | D:2      | Reached XP level 6. HP: 2/37 MP: 6/6
  2038 | D:2      | Found a radiant altar of Vehumet.
  2143 | D:2      | 2143 ||| READING scroll labelled QIUQIUSOIR.
  2144 | D:2      | 2144 ||| READING scroll labelled CIYHED NOGEL.
  2145 | D:2      | 2145 ||| READING scroll labelled GEHEMP GAWNU.
  2268 | D:3      | Identified the +4 dagger "Xocvirue" {protect, Fly rElec rF-
                  | Will++}
  2319 | D:3      | Found a faded altar of an unknown god.
  2827 | D:3      | Noticed Jessica
  2828 | D:3      | 2828 ||| Stepping ~*~*~tactically~*~*~ (hiding).
  2838 | D:3      | Killed Jessica
  3109 | D:3      | HP: 9/37 [disintegration (17)]
  3459 | D:3      | 3459 ||| READING scroll labelled MIDEIV HELO.
  3460 | D:3      | 3460 ||| READING scroll labelled GYNGESM YSTRIAN.
  3465 | D:3      | 3465 ||| DRINKING 2 sedimented black potions.
  3533 | D:4      | Reached skill level 5 in Axes
  3533 | D:4      | 3533 ||| STAIRDANCE
  3566 | D:4      | 3566 ||| STAIRDANCE
  3590 | D:4      | 3590 ||| READING scroll of enchant weapon.
  3590 | D:4      | 3590 ||| ENCHANTING +1 war axe.
  3652 | D:4      | Reached XP level 7. HP: 35/43 MP: 7/7
  3751 | D:4      | Found a transporter.
  3764 | D:4      | Found a transporter.
  3768 | D:4      | Noticed qw's ghost (novice FoCA)
  3850 | D:4      | 3850 ||| Stepping ~*~*~tactically~*~*~ (stealth).
  3854 | D:4      | 3854 ||| Stepping ~*~*~tactically~*~*~ (stealth).
  4159 | D:4      | Found a stormy altar of Qazlal.
  4442 | D:4      | 4442 ||| READING scroll labelled BEPEDGH BAYSE.
  4443 | D:4      | 4443 ||| DRINKING 2 cyan potions.
  4547 | D:4      | 4547 ||| DROPPING potion of berserk rage.
  4590 | D:5      | Entered Level 5 of the Dungeon
  4602 | D:5      | Reached skill level 6 in Axes
  4613 | D:5      | HP: 9/43 [adder (3)]
  4616 | D:5      | Reached skill level 1 in Dodging
  4979 | D:5      | Reached XP level 8. HP: 48/48 MP: 8/8
  5060 | D:5      | Found a staircase to the Ecumenical Temple.
  5061 | D:5      | 5061 ||| PLANNING TEMPLE
  5061 | D:5      | 5061 ||| UPGRADING to +0 pair of boots.
  5066 | D:5      | 5066 ||| READING scroll labelled SELAAT QUICLIECI.
  5067 | D:5      | 5067 ||| READING 4 scrolls of identify.
  5067 | D:5      | 5067 ||| IDENTIFYING red potion
  5068 | D:5      | 5068 ||| READING 3 scrolls of identify.
  5068 | D:5      | 5068 ||| IDENTIFYING inky potion
  5069 | D:5      | 5069 ||| READING 2 scrolls of identify.
  5069 | D:5      | 5069 ||| IDENTIFYING sapphire potion
  5070 | D:5      | 5070 ||| DROPPING potion of magic.
  5071 | D:5      | 5071 ||| DROPPING potion of attraction.
  5072 | D:5      | 5072 ||| DROPPING potion of invisibility.
  5078 | Temple   | Entered the Ecumenical Temple
  5083 | Temple   | Became a worshipper of Warmaster Okawaru
  5097 | Temple   | 5097 ||| PLANNING D:1-11
  5233 | D:5      | Reached skill level 7 in Axes
  5505 | D:5      | HP: 9/49 [ogre/+0 giant spiked club (14)]
  5508 | D:5      | HP: 3/49 [iguana (7)]
  5513 | D:5      | HP: 1/49 [iguana (3)]
  5514 | D:5      | Slain by an iguana

Levels and vault maps discovered:
D:1:      wander_arrival_estate, layout_loops_ring, serial_rivers,
          chequers_serial_rivers_small_a, chequers_serial_rivers_small_3,
          chequers_serial_rivers_large_a, chequers_serial_rivers_small_3,
          chequers_serial_rivers_small_b, chequers_serial_rivers_large_b
D:2:      layout_basic, basic_altar, uniq_terence, uniq_robin, uniq_sigmund
D:3:      layout_loops_corners, basic_ecumenical_altar, uniq_jessica
D:4:      layout_loops_ring, mainiacjoe_overflow_alcove_2,
          gammafunk_ghost_stat_death, nrook_mini_vaults, hex_medium,
          serial_bayou_lagoon_a
D:5:      minmay_chambers_of_threes, layout_loops_cross,
          minmay_temple_entry_fiery
Temple:   minmay_freezing_vapour_temple

Skill      XL: |  1  2  3  4  5  6  7  8 |
---------------+-------------------------+-----
Axes           | 2 3 4 5 6 7 |  7.0
Throwing       | 3 |  3.6
Fighting       | 4 5 |  5.0
Dodging        | 1 |  1.0
Armour         | 4 |  4.1
Shields        | |  3.2

Action                   |  1- 3 |  4- 6 |  7- 9 || total
-------------------------+-------+-------+-------++-------
Melee: War axe           |    73 |   111 |   104 ||   288
Throw: Javelin           |       |    20 |    19 ||    39
  Use: Scroll            |     2 |     6 |     5 ||    13
       Potion            |     1 |     1 |     1 ||     3
Armor: Scale mail        |    47 |       |       ||    47
       Chain mail        |    23 |    85 |    75 ||   183
Dodge: Dodged            |    42 |    37 |    34 ||   113
Block: Buckler           |    18 |    16 |    16 ||    50

Table legend:
 A = Non-vault XP
 B = Vault XP
 C = Vault XP percentage of total XP
 D = Non-vault monster count
 E = Vault monster count
 F = Vault count percentage of total count
                 A         B        C        D         E       F
            +---------+---------+-------+---------+---------+-------
      Total |    1155 |     461 |  28.5 |      68 |      18 |  20.9
            +---------+---------+-------+---------+---------+-------
        D:1 |      28 |      71 |  71.7 |      19 |      12 |  38.7
        D:2 |      35 |     225 |  86.5 |      11 |       2 |  15.4
        D:3 |     122 |      37 |  23.3 |       9 |       1 |  10.0
        D:4 |     393 |       0 |   0.0 |      15 |       0 |   0.0
        D:5 |     577 |     128 |  18.2 |      14 |       3 |  17.6
            +---------+---------+-------+---------+---------+-------
